 Dungeon Crawl Stone Soup version 0.30-a0-23-ge60ba3568b (webtiles) character file.

Game seed: 1504233135599143263

183 ytrimaz the Magician (level 5, 0/37 HPs)
             Began as a Demonspawn Transmuter on Aug 24, 2022.
             Constricted to death by a ball python (1 damage)
             ... on level 4 of the Dungeon.
             The game lasted 00:02:56 (2957 turns).

ytrimaz the Magician (Demonspawn Transmuter)        Turns: 2957, Time: 00:02:56

Health: 0/37       AC:  3    Str: 10    XL:     5   Next: 35%
Magic:  11/11      EV:  9    Int: 16    God:
Gold:   132        SH:  0    Dex: 16    Spells: 11/12 levels left

rFire   + . .      SeeInvis .      - Unarmed
rCold   + . .      Faith    .    (no shield)
rNeg    . . .      Spirit   .    a - +0 robe
rPois   +          Reflect  .    (helmet currently unavailable)
rElec   +          Harm     .    c - +0 cloak
rCorr   +          Rampage  .    (no gloves)
Will    .....                    (boots currently unavailable)
Stlth   ++........               g - amulet of regeneration
HPRegen 0.92/turn                (no ring)
MPRegen 0.12/turn                (no ring)

@: appendages, resistant, attractive, constricted
A: horns 2, talons 2, thin skeletal structure 1
a: End Transformation


You were on level 4 of the Dungeon.
You had temporarily grown beastly horns and talons.
You visited 1 branch of the dungeon, and saw 4 of its levels.

You collected 132 gold pieces.

Inventory:

Armour
 a - a +0 robe (worn)
 c - a +0 cloak (worn)
Jewellery
 g - an amulet of regeneration (around neck)
Scrolls
 e - a scroll of magic mapping
 f - a scroll of immolation
 k - 2 scrolls of identify
Potions
 b - 2 potions of magic
 d - a potion of curing
 h - a potion of mutation


   Skills:
 - Level 1.0 Fighting
 - Level 1.7 Dodging
 - Level 2.6 Unarmed Combat
 * Level 4.0 Spellcasting
 * Level 3.7 Transmutations


You had 11 spell levels left.
You knew the following spells:

 Your Spells              Type           Power      Damage    Failure   Level
a - Beastly Appendage     Tmut           30%        N/A       3%          1

Your spell library contained the following spells:

 Spells                   Type           Power      Damage    Failure   Level
 Wereblood                Tmut           15%        N/A       5%          2
 Summon Small Mammal      Summ           12%        N/A       17%         1
 Spider Form              Tmut/Pois      9%         N/A       24%         3
 Ensorcelled Hibernation  Hex/Ice        6%         N/A       26%         2
 Call Canine Familiar     Summ           3%         N/A       45%         3
 Stone Arrow              Conj/Erth      6%         3d7       45%         3
 Summon Guardian Golem    Hex/Summ       3%         N/A       45%         3
 Ice Form                 Ice/Tmut       9%         N/A       61%         4
 Airstrike                Air            1%         2d(1-17)  86%         4
 Anguish                  Hex/Necr       1%         N/A       86%         4
 Animate Armour           Summ/Erth      6%         N/A       86%         4
 Silence                  Hex/Air        1%         N/A       99%         5
 Lehudib's Crystal Spear  Conj/Erth      1%         10d2      100%        8


Dungeon Overview and Level Annotations

Branches:
Dungeon (4/15)             Temple (0/1) D:4

Altars:


Innate Abilities, Weirdness & Mutations

You have temporarily grown beastly horns and talons.
You have a somewhat thin skeletal structure. (Dex +2, Stealth+)


Message History

The hobgoblin closely misses you.
You hit the ice beast. Your kick misses the ice beast.
The ice beast is severely wounded.
The ball python bites you. The ball python constricts you.
The endoplasm barely misses you.
The ice beast hits you but does no damage.
The hobgoblin hits you but does no damage.
You closely miss the ice beast. Your kick misses the ice beast.
The ice beast is severely wounded.
The ball python barely misses you. The ball python constricts you.
The ball python bites you but does no damage.
The ball python constricts you.
Unknown command.
You closely miss the ice beast. Your headbutt misses the ice beast.
You punch the ice beast.
The ice beast is severely wounded.
The endoplasm barely misses you. The ice beast hits you.
The ice beast freezes you. You resist.
* * * LOW HITPOINT WARNING * * *
The hobgoblin hits you.
* * * LOW HITPOINT WARNING * * *
The ball python bites you.
* * * LOW HITPOINT WARNING * * *
The ball python constricts you.
You feel better. The endoplasm hits you. The ice beast barely misses you.
The hobgoblin hits you.
* * * LOW HITPOINT WARNING * * *
The ball python bites you but does no damage.
The ball python constricts you.
It was a potion of attraction.
You feel attractive to monsters.
The endoplasm hits you but does no damage.
The ice beast hits you.
* * * LOW HITPOINT WARNING * * *
The ice beast freezes you. You resist.
* * * LOW HITPOINT WARNING * * *
The hobgoblin hits you.
* * * LOW HITPOINT WARNING * * *
The ball python barely misses you. The ball python constricts you.
You die...

.......<####.......##########
....###..###.......# ....#
##..##.......#
.....####.........##
#.......##.......##
#.#....#..####
#..#.......<#######
###.#..#............
#...<.......@g......
#..........JYS......
#......#............
......<...............
............##.........
...#.....##.##...>.....
.......#.##.####......#
...#.###.. .. ......#


You could see an ice beast, an endoplasm, a hobgoblin and a ball python.

Vanquished Creatures
  A scorpion (D:4)
  A gnoll (D:1)
  5 adders
  A dart slug (D:2)
  2 orcs
  14 ball pythons
  5 bats
  6 endoplasms
  2 giant cockroaches
  6 goblins
  4 hobgoblins
  4 jackals (D:2)
  4 kobolds
  4 quokkas
  2 frilled lizards (D:1)
  5 rats
66 creatures vanquished.

Vanquished Creatures (others)
  4 plants (D:3)
4 creatures vanquished.

Grand Total: 70 creatures vanquished

Notes
Turn   | Place    | Note
-------+----------+-------------------------------------------
     0 | D:1      | ytrimaz the Demonspawn Transmuter began the quest for the
                  | Orb.
     0 | D:1      | Reached XP level 1. HP: 15/15 MP: 3/3
   337 | D:1      | Gained mutation: You have a somewhat thin skeletal
                  | structure. (Dex +2, Stealth+) [demonic ancestry]
   337 | D:1      | Reached XP level 2. HP: 21/21 MP: 3/5
   654 | D:1      | Found a faded altar of an unknown god.
   996 | D:1      | HP: 1/21 [gnoll/+0 club (6)]
  1003 | D:1      | Reached XP level 3. HP: 6/26 MP: 7/7
  1704 | D:2      | Reached skill level 3 in Spellcasting
  1959 | D:2      | Reached XP level 4. HP: 32/32 MP: 6/8
  2391 | D:3      | Got the Compendium of Gusts
  2858 | D:4      | Noticed a scorpion
  2875 | D:4      | Killed a scorpion
  2876 | D:4      | Reached skill level 4 in Spellcasting
  2876 | D:4      | Reached XP level 5. HP: 22/37 MP: 9/11
  2912 | D:4      | Found a staircase to the Ecumenical Temple.
  2942 | D:4      | Noticed an ice beast
  2957 | D:4      | HP: 1/37 [hobgoblin (2)]
  2957 | D:4      | Constricted to death by a ball python

Illustrated notes

Levels and vault maps discovered:
D:1:      sevenhm_arrival_forest_fort_small_4, layout_loops_ring,
          ebering_ecumenical_altar_box, hangedman_feature_mirror,
          nicolae_hexahallways, serial_bayou_pond_b
D:2:      layout_loops_ring
D:3:      layout_basic, mainiacjoe_overflow_alcove_1, supply_closet_lemuel,
          grunt_ministairs_4, minmay_shallow_snake_nest
D:4:      layout_rooms, minmay_temple_entry_poolview

Skill      XL: |  1  2  3  4 |
---------------+-------------+-----
Transmutations | 2 3 |  3.7
Spellcasting   | 3 4 |  4.0
Fighting       | |  1.0
Dodging        | |  1.7
Unarmed Combat | |  2.6

Action                   |  1- 3 |  4- 6 || total
-------------------------+-------+-------++-------
Melee: Unarmed           |   104 |    90 ||   194
       Kick              |    16 |    26 ||    42
       Headbutt          |     6 |     8 ||    14
       Punch             |     1 |     1 ||     2
 Cast: Beastly Appendage |    23 |    18 ||    41
  Use: Scroll            |     7 |     4 ||    11
       Potion            |     1 |     3 ||     4
 Stab: Sleeping          |     1 |     5 ||     6
Armor: Robe              |    35 |    26 ||    61
       Skin              |     3 |       ||     3
Dodge: Dodged            |    76 |    84 ||   160

Table legend: (Time is in decaauts)
 A = Elapsed time spent in this place.
 B = Non-inter-level travel time spent in this place.
 C = Inter-level travel time spent in this place.
 D = Time resting spent in this place.
 E = Time spent auto-exploring this place.
 F = Levels seen in this place.
 G = Mean time per level.
                   A        B        C        D        E       F      G
               +--------+--------+--------+--------+--------+-----+--------+
         Total |   2958 |   2849 |    109 |    100 |   2171 |   4 |  739.5 |
       Dungeon |   2958 |   2849 |    109 |    100 |   2171 |   4 |  739.5 |
               +--------+--------+--------+--------+--------+-----+--------+

Top non-repeatable levels by time:
     D:1: 1486 daAuts
     D:3: 701 daAuts
     D:2: 639 daAuts
     D:4: 130 daAuts
